 Dungeon Crawl Stone Soup version 0.19.0-2-gae57169 (webtiles) character file.

56 zodiitti the Conjurer (level 3, -2/20 HPs)
             Began as a Deep Elf Conjurer on Nov 6, 2016.
             Slain by Terence
             ... wielding a +0 hand axe
              (5 damage)
             ... on level 2 of the Dungeon.
             The game lasted 00:04:01 (986 turns).

zodiitti the Conjurer (Deep Elf Conjurer)            Turns: 986, Time: 00:04:01

Health: -2/20      AC:  2    Str:  6    XL:     3   Next: 71%
Magic:  6/10       EV: 13    Int: 19    God:
Gold:   65         SH:  0    Dex: 15    Spells: 1 memorised, 8 levels left

rFire  . . .     SeeInvis .     (no weapon)
rCold  . . .     Gourm    .     a - +0 robe
rNeg   . . .     Faith    .     (no shield)
rPois  .         Spirit   .     (no helmet)
rElec  .         Reflect  .     (no cloak)
rCorr  .         Harm     .     (no gloves)
MR     .....                    (no boots)
Stlth  ++........               (no amulet)
                                (no ring)
                                (no ring)

@: no status effects
A: no striking features
a: no special abilities


You were on level 2 of the Dungeon.
You were not hungry.

You visited 1 branch of the dungeon, and saw 2 of its levels.

You collected 65 gold pieces.

Inventory:

Missiles
 k - 13 sling bullets
Armour
 a - a +0 robe (worn)
 g - a +0 shield
Scrolls
 e - a scroll of fear {unknown}
 i - 2 scrolls of noise {unknown}
 n - a scroll of remove curse {unknown}
Potions
 d - 2 potions of resistance {unknown}
 h - a potion of cure mutation {unknown}
 j - a potion of ambrosia {unknown}
 m - a potion of lignification {unknown}
 o - a potion of mutation {unknown}
Books
 b - a book of Conjurations

   Spells                             Type                      Level
   a - Magic Dart                     Conjuration                  1
   b - Searing Ray                    Conjuration                  2
   c - Dazzling Spray                 Conjuration/Hexes            3
   d - Fulminant Prism                Conjuration/Hexes            4
   e - Iskenderun's Mystic Blast      Conjuration                  4
   f - Iskenderun's Battlesphere      Conjuration/Charms           5
Comestibles
 c - 2 bread rations
 f - 2 meat rations


   Skills:
 + Level 0.5 Fighting
 + Level 2.7 Dodging
 + Level 2.6 Stealth
 + Level 3.7 Spellcasting
 * Level 5.2 Conjurations


You had 8 spell levels left.
You knew the following spells:

 Your Spells              Type           Power        Failure   Level  Hunger
a - Magic Dart            Conj           ###.         1%          1    None


Dungeon Overview and Level Annotations

Branches:
Dungeon (2/15)

Altars:

Annotations:
D:2 Terence


Message History

The magic dart hits Terence.
Terence barely misses you.
Casting: Magic Dart
Confirm with . or Enter, or press ? or * to list all spells.
Aiming: Magic Dart
Press: ? - help, Shift-Dir - straight line, f/p - Terence
Aim: Terence, wielding a hand axe and wearing a runed scale mail The magic dart hits Terence.
Terence hits you with a hand axe.
* * * LOW HITPOINT WARNING * * *
Casting: Magic Dart
Confirm with . or Enter, or press ? or * to list all spells.
Aiming: Magic Dart
Press: ? - help, Shift-Dir - straight line, f/p - Terence
Aim: Terence, wielding a hand axe and wearing a runed scale mail The magic dart hits Terence.
Terence is moderately wounded.
Terence barely misses you.
Terence says, "Don't bother to defend, it's senseless."
Found a meat ration.
Terence hits you with a hand axe.
You die...

.# .# ########.#
#........#
####......%.#####
#................
.......@.......#
#.##....@...#####
.
.....#..#........
#.## #..#.#######
# #..#.# #.#.#
##.#.# #.#.#
..#.# #.#.#.#.#
###.#
####.#.#.#.# #.#


You could see Terence.

Vanquished Creatures
  Ijyb (D:2)
  An ooze (D:1)
  A ball python (D:1)
  4 giant cockroaches
  3 goblins (D:1)
  7 hobgoblins
  A bat (D:1)
  3 frilled lizards (D:1)
  2 kobolds (D:1)
  A rat (D:1)
24 creatures vanquished.

Notes
Turn   | Place    | Note
-------+----------+-------------------------------------------
     0 | D:1      | zodiitti the Deep Elf Conjurer began the quest for the Orb.
     0 | D:1      | Reached XP level 1. HP: 10/10 MP: 6/6
   241 | D:1      | Reached XP level 2. HP: 15/15 MP: 6/8
   402 | D:1      | Reached skill level 5 in Conjurations
   627 | D:1      | Reached XP level 3. HP: 19/19 MP: 7/10
   839 | D:2      | Noticed Ijyb
   845 | D:2      | Killed Ijyb
   932 | D:2      | Noticed Terence
   986 | D:2      | Slain by Terence

Skill      XL: |  1  2 |
---------------+-------+-----
Conjurations   | 5 |  5.2
Fighting       | |  0.5
Dodging        | |  2.7
Stealth        | |  2.6
Spellcasting   | |  3.7

Action                   || total
-------------------------++-------
 Cast: Magic Dart        ||    60
Armor: Robe              ||     2
Dodge: Dodged            ||    18
